 Dungeon Crawl Stone Soup version 0.28.0-47-ge53b351184 (webtiles) character file.

Game seed: 2169041719727679683

25642 nickcage the Earth Mage (level 13, -2/63 HPs)
             Began as a Gargoyle Earth Elementalist on May 3, 2022.
             Was an Elder of Vehumet.
             Slain by a yak (4 damage)
             ... on level 4 of the Lair of Beasts.
             The game lasted 00:51:10 (18656 turns).

nickcage the Earth Mage (GrEE)                     Turns: 18656, Time: 00:51:10

Health: -2/63      AC: 15    Str: 13    XL:     13   Next: 20%
Magic:  28/37      EV: 11    Int: 26    God:    Vehumet [****..]
Gold:   819        SH:  0    Dex: 10    Spells: 17/35 levels left

rFire   . . .      SeeInvis .   f - +2 trident (drain)
rCold   . . .      Faith    .   (no shield)
rNeg    + . .      Spirit   .   C - +0 robe {Archmagi}
rPois   ∞          Reflect  .   (no helmet)
rElec   +          Harm     .   w - +1 cloak
rCorr   .          Rampage  .   P - +0 pair of gloves
Will    .....      Archmagi +   J - +0 pair of boots {Fly}
Stlth   ++........              (no amulet)
HPRegen 0.20/turn               l - ring of magical power
MPRegen 0.25/turn               u - +6 ring of intelligence

@: flying, slowed, very slow
A: sickness immunity, AC +9, negative energy resistance 1, electricity
resistance, torment resistance 1, petrification resistance
a: Renounce Religion


You were on level 4 of the Lair of Beasts.
You worshipped Vehumet.
Vehumet was greatly pleased with you.
You visited 3 branches of the dungeon, and saw 16 of its levels.

You collected 839 gold pieces.
You spent 20 gold pieces at shops.

Inventory:

Hand Weapons
 d - a +0 dagger
 f - a +2 trident of draining (weapon)
 i - a +1 dagger of venom
Missiles
 c - 290 stones
Armour
 b - a +0 robe
 k - a +0 pair of boots
 w - a +1 cloak (worn)
 C - a +0 robe of the Archmagi (worn)
 G - a +0 buckler
 J - a +0 pair of boots of flying (worn)
 P - a +0 pair of gloves (worn)
Jewellery
 l - a ring of magical power (left hand)
 t - a +6 ring of dexterity
 u - a +6 ring of intelligence (right hand)
 L - a ring of see invisible
 O - a ring of protection from cold
Wands
 s - a wand of flame (60)
 D - a wand of paralysis (3)
Scrolls
 e - 4 scrolls of magic mapping
 m - 2 scrolls of brand weapon
 p - 11 scrolls of identify
 v - 4 scrolls of fear
 x - 3 scrolls of vulnerability
 y - 3 scrolls of teleportation
 A - a scroll of silence
 E - a scroll of enchant weapon
 H - a scroll of summoning
 I - a scroll of holy word
 K - a scroll of fog
 M - a scroll of enchant armour {unknown}
 N - 3 scrolls of noise {unknown}
Potions
 a - 4 potions of brilliance
 g - 6 potions of curing
 h - 4 potions of berserk rage
 j - 4 potions of lignification
 n - 2 potions of invisibility
 o - 3 potions of degeneration {unknown}
 q - 4 potions of might
 r - a potion of cancellation {unknown}
 z - 3 potions of heal wounds {unknown}
 F - a potion of mutation {unknown}
Miscellaneous
 B - a tin of tremorstones (2/2)


   Skills:
 - Level 0.5 Long Blades
 - Level 0.3(0.5) Axes
 - Level 0.7(0.9) Maces & Flails
 - Level 0.1(0.4) Staves
 - Level 0.1 Slings
 - Level 0.1 Bows
 - Level 0.2 Crossbows
 - Level 1.5 Dodging
 - Level 2.1 Stealth
 - Level 0.1 Shields
 + Level 11.6 Spellcasting
 - Level 10.5 Conjurations
 - Level 0.7 Transmutations
 - Level 0.1 Fire Magic
 - Level 4.3 Ice Magic
 * Level 16.8 Earth Magic
 - Level 4.0 Poison Magic
 - Level 0.2 Invocations


You had 17 spell levels left.
You knew the following spells:

 Your Spells              Type           Power      Damage    Failure   Level
a - Sandblast             Erth           100%       2d20      0%          1
b - Stone Arrow           Conj/Erth      100%       3d13      1%          3
c - Petrify               Tmut/Erth      74%        N/A       1%          4
d - Shock                 Conj/Air       100%       1d9       1%          1
e - Frozen Ramparts       Ice            100%       1d12      1%          3
f - Searing Ray           Conj           100%       2d8       1%          2
g - Olgreb's Toxic Radia  Pois           53%        N/A       2%          4

Your spell library contained the following spells:

 Spells                   Type           Power      Damage    Failure   Level
 Airstrike                Air            11%        N/A       11%         4
 Sting                    Tmut/Pois      100%       1d8       1%          1
 Passwall                 Tmut/Erth      61%        N/A       1%          2
 Poisonous Vapours        Pois/Air       76%        N/A       1%          2
 Pain                     Necr           92%        1d8       3%          1
 Freezing Cloud           Conj/Ice/Air   28%        6-21      4%          5
 Gell's Gravitas          Tloc           23%        N/A       11%         3
 Lesser Beckoning         Tloc           23%        N/A       11%         3
 Teleport Other           Tloc           23%        N/A       11%         3
 Ice Form                 Ice/Tmut       42%        N/A       14%         4
 Summon Ice Beast         Ice/Summ       40%        N/A       16%         4
 Agony                    Necr           23%        N/A       71%         5
 Excruciating Wounds      Necr           11%        N/A       71%         5
 Summon Mana Viper        Hex/Summ       23%        N/A       71%         5
 Dispersal                Tloc           11%        N/A       99%         6
 Monstrous Menagerie      Summ           11%        N/A       100%        7
 Death's Door             Necr           11%        N/A       100%        9
 Sublimation of Blood     Necr           Unusable   N/A       N/A         2

Dungeon Overview and Level Annotations

Branches:
Dungeon (11/15)            Temple (1/1) D:5            Lair (4/6) D:10
 Shoals (0/4) Lair:4       Spider (0/4) Lair:3          Orc (0/2) D:9

Altars:
Ashenzari
Cheibriados
Dithmenos
Elyvilon
Fedhas
Gozag
Hepliaklqana
Kikubaaqudgha
Makhleb
Nemelex Xobeh
Okawaru
Qazlal
Ru
Sif Muna
Trog
Uskayaw
Vehumet
Wu Jian
Xom
Yredelemnul
Zin
The Shining One
Beogh

Shops:
D:1 [   D:6 !*[(

Annotations:
D:6 3 runed translucent doors, enile's ghost, amateur FoEE
Lair:4 1 runed translucent door


Innate Abilities, Weirdness & Mutations

You are immune to sickness and miasma.
Your stone body is resilient. (AC +9)
You are immune to poison.
You resist negative energy. (rN+)
You are resistant to electric shocks. (rElec)
You are resistant to unholy torment.
You are immune to petrification.


Message History

The yak moves out of view.
Casting: Stone Arrow (safe; 1% risk of failure)
Confirm with . or Enter, or press ? or * to list all spells.
You feel a surge of power!
You begin to radiate toxic energy.
The yak bellows!
The yak is poisoned.
The death yak is poisoned. x2; The yak looks even sicker.
A torpor snail comes into view.
Being near the torpor snail leaves you feeling lethargic.
You feel yourself speed up.
The death yak looks even sicker. x2
Your toxic aura wanes.
The yak bellows!
Being near the torpor snail leaves you feeling lethargic.
The death yak gores you.
A yak comes into view.
Casting: Olgreb's Toxic Radiance (dangerous; 2% risk of failure)
Confirm with . or Enter, or press ? or * to list all spells.
You feel a surge of power!
You begin to radiate toxic energy.
The yak is poisoned.
The yak bellows!
The yak is poisoned.
The torpor snail is poisoned.
The yak looks even sicker. x2
The death yak looks as sick as possible!
The death yak gores you! The yak barely misses you. The death yak gores you.
Aiming: Stone Arrow (safe; 1% risk of failure)
Press: ? - help, Q - select action, (/) - cycle Shift-Dir - straight line, f - death yak
Aim: a death yak (moderately wounded, poisoned, 92% to hit)
You feel a surge of power!
The stone arrow hits the death yak!
The death yak is moderately wounded.
The yak looks as sick as possible!
The yak looks even sicker.
The torpor snail looks even sicker.
The death yak looks even sicker.
The death yak looks as sick as possible!
Your toxic aura wanes.
The death yak gores you! The yak gores you!
* * * LOW HITPOINT WARNING * * *
The death yak gores you.
* * * LOW HITPOINT WARNING * * *
The death yak gores you!
* * * LOW HITPOINT WARNING * * *
The yak gores you.
You die...

####........##### ###
##.#.........#P..##..#
###..................#
#....[...............#.
##......................
##...........P.......P...
.....^...................
.................Y...Y...
................@Y..w...w
.............#..YY.......
.............####.PP#....
#.........#### ####...
#........## #. ###.....##
##......## .##......#
.......#.#


You could see 2 death yaks, a torpor snail (very poisoned) and 3 yaks.

Vanquished Creatures
  4 hydras
  Fannar (Lair:3)
  2 two-headed ogres
  Sonja (Lair:1)
  2 lindwurms (Lair:2)
  An ugly thing (D:11)
  A manticore (D:11)
  A black mamba (Lair:3)
  9 cane toads
  9 komodo dragons
  2 hornets (Lair:2)
  Sigmund (D:2)
  A wraith (D:10)
  44 yaks
  5 wyverns
  5 humans (D:7)
  A steam dragon (D:7)
  2 redbacks (Lair:3)
  Duvessa (D:7)
  8 water moccasins
  3 black bears
  3 orc warriors
  An ice beast (D:7)
  3 necrophages
  3 ogres (D:6)
  3 centaurs
  8 wolves
  A kobold brigand (D:7)
  12 bullfrogs
  2 scorpions
  Dowan (D:7)
  3 killer bees (D:10)
  3 wights (D:8)
  An electric eel (Lair:1)
  4 gnoll shamans
  3 centaur zombies
  2 hounds (D:6)
  5 orc priests
  2 centaur skeletons (D:7)
  An iguana (D:5)
  A scorpion zombie (D:5)
  7 orc wizards
  A howler monkey zombie (D:8)
  15 gnolls
  9 adders
  2 white imps
  2 worms
  3 dart slugs
  22 orcs
  6 endoplasms
  4 giant cockroaches
  7 goblins
  6 hobgoblins
  5 jackals
  9 kobolds
  A quokka (D:2)
  6 ball pythons
  3 bats
  3 frilled lizards
  4 rats
  2 bushes (D:1)
283 creatures vanquished.

Vanquished Creatures (others)
  3 fungi
  35 plants
38 creatures vanquished.

Grand Total: 321 creatures vanquished

Notes
Turn   | Place    | Note
-------+----------+-------------------------------------------
     0 | D:1      | nickcage the Gargoyle Earth Elementalist began the quest
                  | for the Orb.
     0 | D:1      | Reached XP level 1. HP: 10/10 MP: 3/3
   172 | D:1      | Reached skill level 4 in Earth Magic
   264 | D:1      | Reached XP level 2. HP: 15/15 MP: 3/5
   662 | D:1      | Found a faded altar of an unknown god.
   982 | D:1      | Found Ihusub's Antique Armour Emporium.
  1359 | D:2      | Reached XP level 3. HP: 19/19 MP: 4/6
  1443 | D:2      | Noticed Sigmund
  1446 | D:2      | Killed Sigmund
  1447 | D:2      | Reached skill level 6 in Earth Magic
  1447 | D:2      | Reached XP level 4. HP: 15/24 MP: 4/8
  1447 | D:2      | Reached XP level 5. HP: 18/28 MP: 4/9
  1455 | D:2      | Reached skill level 7 in Earth Magic
  1559 | D:2      | Learned a level 3 spell: Stone Arrow
  1933 | D:2      | Reached XP level 6. HP: 31/32 MP: 7/10
  2021 | D:2      | Learned a level 4 spell: Petrify
  3564 | D:4      | Reached skill level 1 in Conjurations
  4788 | D:5      | Entered Level 5 of the Dungeon
  4859 | D:5      | Reached skill level 8 in Earth Magic
  4879 | D:5      | Reached XP level 7. HP: 14/36 MP: 12/12
  5103 | D:5      | Found a staircase to the Ecumenical Temple.
  5112 | Temple   | Entered the Ecumenical Temple
  5647 | D:5      | Found a radiant altar of Vehumet.
  5652 | D:5      | Became a worshipper of Vehumet
  5853 | D:5      | Reached skill level 9 in Earth Magic
  6289 | D:6      | Found Yppaurua's Armour Emporium.
  6377 | D:6      | Found Vuestroci's Assorted Antiques.
  6381 | D:6      | Bought a metallic cyan potion for 20 gold pieces
  6417 | D:6      | Reached XP level 8. HP: 29/41 MP: 7/14
  6913 | D:6      | Found Fymp's Distillery.
  6936 | D:6      | Reached skill level 10 in Earth Magic
  7181 | D:6      | Reached skill level 5 in Spellcasting
  7328 | D:6      | Found Fairriv's Weapon Boutique.
  7661 | D:6      | Found a runed translucent gate.
  7663 | D:6      | Identified the +11 plate armour "Bomomar" {Fly rN+ MP-9}
  7666 | D:6      | Noticed enile's ghost (amateur FoEE)
  7714 | D:6      | Found a runed translucent gate.
  7715 | D:6      | Found a runed translucent gate.
  8063 | D:7      | Noticed Dowan
  8063 | D:7      | Noticed Duvessa
  8065 | D:7      | Killed Dowan
  8066 | D:7      | Reached XP level 9. HP: 45/45 MP: 17/17
  8078 | D:7      | Killed Duvessa
  8079 | D:7      | Reached skill level 11 in Earth Magic
  8082 | D:7      | Reached skill level 5 in Conjurations
  8096 | D:7      | Reached * piety under Vehumet
  8096 | D:7      | Offered knowledge of Shock by Vehumet.
  8221 | D:7      | Learned a level 1 spell: Shock
  8586 | D:7      | Learned a level 3 spell: Frozen Ramparts
  8626 | D:7      | Reached skill level 1 in Ice Magic
  8869 | D:7      | Reached skill level 12 in Earth Magic
  9704 | D:7      | Found an ancient bone altar of Kikubaaqudgha.
  9707 | D:7      | Found a blossoming altar of Fedhas.
 10252 | D:8      | Reached XP level 10. HP: 50/50 MP: 19/19
 10283 | D:8      | Noticed a two-headed ogre
 10291 | D:8      | Killed a two-headed ogre
 10332 | D:8      | Offered knowledge of Searing Ray by Vehumet.
 10634 | D:8      | Reached ** piety under Vehumet
 10738 | D:8      | Got the Volume of Glacial Evil
 10940 | D:9      | Found a staircase to the Orcish Mines.
 10994 | D:9      | Learned a level 2 spell: Searing Ray
 11003 | D:9      | Reached skill level 13 in Earth Magic
 11982 | D:10     | Entered Level 10 of the Dungeon
 11990 | D:10     | Reached XP level 11. HP: 54/54 MP: 17/22
 12136 | D:10     | Offered knowledge of Dazzling Flash by Vehumet.
 12283 | D:10     | Found a staircase to the Lair.
 12356 | D:10     | Noticed a two-headed ogre
 12363 | D:10     | Killed a two-headed ogre
 12398 | D:10     | Found a hazy altar of Hepliaklqana.
 12628 | D:10     | Reached skill level 14 in Earth Magic
 12772 | D:10     | Reached *** piety under Vehumet
 13420 | D:11     | Noticed a manticore
 13425 | D:11     | Killed a manticore
 13487 | D:11     | Noticed a green ugly thing
 13494 | D:11     | Killed a green ugly thing
 13816 | D:11     | Noticed a boulder beetle
 13874 | Lair:1   | Entered Level 1 of the Lair of Beasts
 13900 | Lair:1   | Noticed Sonja
 13908 | Lair:1   | Killed Sonja
 14382 | Lair:1   | Reached skill level 10 in Conjurations
 14383 | Lair:1   | Reached XP level 12. HP: 58/59 MP: 20/25
 14469 | Lair:1   | Noticed a four-headed hydra
 14474 | Lair:1   | Killed a four-headed hydra
 14560 | Lair:1   | Reached skill level 10 in Spellcasting
 14573 | Lair:1   | HP: 1/59 [komodo dragon (27)]
 14899 | Lair:1   | Noticed a four-headed hydra
 14904 | Lair:1   | Killed a four-headed hydra
 15002 | Lair:1   | Learned a level 4 spell: Olgreb's Toxic Radiance
 15008 | Lair:1   | Reached skill level 1 in Poison Magic
 15149 | Lair:1   | Offered knowledge of Hailstorm by Vehumet.
 15968 | Lair:2   | Reached skill level 15 in Earth Magic
 16406 | Lair:2   | Noticed a seven-headed hydra
 16415 | Lair:2   | Killed a seven-headed hydra
 16712 | Lair:2   | Reached **** piety under Vehumet
 17063 | Lair:2   | Reached skill level 16 in Earth Magic
 17236 | Lair:2   | Reached XP level 13. HP: 63/63 MP: 27/28
 17412 | Lair:3   | Offered knowledge of Airstrike by Vehumet.
 17514 | Lair:3   | Noticed Fannar
 17527 | Lair:3   | Killed Fannar
 18207 | Lair:3   | Found a hole to the Spider Nest.
 18526 | Lair:4   | Found a runed translucent door.
 18544 | Lair:4   | Identified the +10 spear of Fate {vamp, +Blink Str+8 Int-2
                  | Dex-5}
 18564 | Lair:4   | Found a staircase to the Shoals.
 18656 | Lair:4   | HP: 2/63 [death yak[a torpor snail] (13)]
 18656 | Lair:4   | Slain by a yak

Illustrated notes

Levels and vault maps discovered:
D:1:      lightli_arrival_isolated_outpost, layout_basic, serial_shops,
          nicolae_shop_statue_plus, basic_ecumenical_altar, serial_forest,
          infiniplex_forest_clump_small, infiniplex_forest_straight_4,
          infiniplex_forest_end_2, infiniplex_forest_corner_1,
          infiniplex_forest_straight_4
D:2:      layout_basic, minmay_misc_feat_four_crosses,
          kennysheep_generic_room_10, uniq_sigmund
D:3:      layout_basic, minmay_misc_feat_plants
D:4:      layout_loops_corners, minivault_4
D:5:      cheibrodos_two_vegetables, layout_cave_pools, lemuel_doored_altar,
          minmay_temple_entry_tees
D:6:      layout_loops_ring, biasface_ghost_orc_armoury, serial_shops,
          nicolae_shop_crystal, nicolae_shop_window_shopping,
          nicolae_shop_advertising_works [nicolae_subvault_shop_adworks], shop
D:7:      layout_layer_cave, grunt_temple_overflow_growth_and_decay,
          serial_co_window_serial, co_window_corner_a, co_window_paths_a,
          co_window_paths_a, co_window_paths_b, co_window_cross_1,
          co_window_corner_b, co_window_corner_ca, co_window_broadway_b,
          co_window_unsneaky_path_d, co_window_4corner_a, glass_columns_c,
          glass_columns_a, glass_columns_b, glass_columns_a, minmay_ruffians,
          uniq_duvessa
D:8:      layout_rooms, hangedman_abyss_or_decor_stagger
D:9:      layout_loops_cross, orc_0_dummy
D:10:     layout_long_grid, lemuel_crystal_altar, lair_entry_dummy, hex_tiny
D:11:     layout_loops_ring
Temple:   eino_narrow_crystal_temple
Lair:1:   layout_regular_city, minivault_24, lemuel_fruit_tree,
          infiniplex_staircase_pool, uniq_sonja
Lair:2:   cheibrodos_lair_overgrown_chateau, layout_misc_corridors,
          serial_bayou_shore_a, grunt_megastairs_3, serial_bayou_shore_b
Lair:3:   layout_misc_corridors, spider_nest_entry_webs, grunt_megastairs_2,
          uniq_fannar
Lair:4:   layout_cave_shapes, shoals_dummy_entry, ebering_ghost_funeral_grove,
          eino_small_chamber_without_monster, minmay_stone_trees_small

Skill      XL: |  1  2  3  4  5  6  7  8  9 10 11 12 |
---------------+-------------------------------------+-----
Earth Magic    | 4 6 7 8 9 10 12 13 14 16 | 16.8
Spellcasting   | 3 4 5 6 7 9 11 | 11.6
Conjurations   | 1 2 4 6 8 10 | 10.5
Ice Magic      | 3 4 |  4.3
Poison Magic   | 4 |  4.0
Long Blades    | |  0.5
Axes           | |  0.3
Maces & Flails | |  0.7
Staves         | |  0.1
Slings         | |  0.1
Bows           | |  0.1
Crossbows      | |  0.2
Dodging        | |  1.5
Stealth        | |  2.1
Shields        | |  0.1
Transmutations | |  0.7
Fire Magic     | |  0.1
Invocations    | |  0.2

Action                   |  1- 3 |  4- 6 |  7- 9 | 10-12 | 13-15 || total
-------------------------+-------+-------+-------+-------+-------++-------
Melee: Unarmed           |     3 |       |       |       |       ||     3
       Trident           |   197 |   103 |    20 |    15 |       ||   335
       Punch             |     7 |       |     1 |       |       ||     8
       Dagger            |       |       |    13 |       |       ||    13
 Cast: Sandblast         |    20 |    53 |    18 |       |       ||    91
       Stone Arrow       |       |       |   106 |   223 |    45 ||   374
       Shock             |       |       |     6 |    47 |       ||    53
       Frozen Ramparts   |       |       |       |     7 |       ||     7
       Searing Ray       |       |       |       |     7 |       ||     7
       Olgreb's Toxic Ra |       |       |       |     6 |     4 ||    10
  Use: Scroll            |       |       |    17 |     3 |       ||    20
 Stab: Sleeping          |     6 |     5 |     1 |       |       ||    12
       Distracted        |       |       |       |     1 |       ||     1
Armor: Robe              |     9 |    70 |    37 |    50 |     6 ||   172
Dodge: Dodged            |    15 |    69 |    28 |    71 |    11 ||   194
